Construct Infanterie Kompanie
Selects Italian Coastal Battlegroup
Construct Panzergrenadier Kompanie
Pak 40 Anti-tank Gun Team
Selects Designated Artillery Overwatch
Nebelwerfer 42 Rocket Launcher Team
Designated Artillery Overwatch
Construct Panzer Kompanie
Selects Artillery Officer
Selects Obice da 210/22 Artillery Emplacement
Designated Artillery Overwatch
Designated Artillery Overwatch
Infanterie Officer Quarters
Designated Artillery Overwatch